AoeStats
← NDF

Arabia

509525717Analyzed
1v1 RM · 4d ago on Sep 27, 2026· 44m 53s· 2 players
Game mode
Random Map
Map size
Tiny (2 player)
Population
200
Speed
Normal
Resources
Standard
Victory
Conquest
Starting age
Dark Age
Ending age
Imperial Age
RankedLock teamsTeams togetherTeam positionsShared explorationLock speedFull tech treeHidden civsTurbo modeCheats
Victory
Defeat
🇦🇷 Teutons · Argentina
625
+17
🇨🇴 Armenians · Colombia
650
-17
NDF
2:45 Loom
12:50 Feudal Age
13:34 Man-at-Arms
21:39 Bloodlines
26:32 Castle Age
26:12 Forging
25:53 Fletching
26:04 Padded Archer Armor
38:54 Gold Mining
39:08 Horse Collar
40:45 Double-Bit Axe
42:39 Crossbowman
44:35 Bow Saw
Niaguta
8:05 Loom
10:32 Feudal Age
11:09 Double-Bit Axe
15:27 Man-at-Arms
17:21 Arson
17:13 Long Swordsman
18:12 Forging
18:30 Gold Mining
26:19 Fletching
31:13 Castle Age
31:17 Two-Handed Swordsman
31:45 Gambesons
32:50 Iron Casting
32:16 Scale Mail Armor
33:44 Elite Skirmisher
Connection lost

Rejoining the realm…

Still unreachable

The connection could not be restored.

Session expired

The server has moved on; the page needs a fresh start.